Map: Battle on the Boardwalk LE

Players

SamuraiFunn - Winner!

  • Race: Protoss Protoss
  • League: Platinum
  • Spawn Location: 1:00

A.I. 1 (Harder)

  • Race: Protoss Protoss
  • Spawn Location: 11:00

VOD

Have the link to the VOD?

Description

Time

  • Played on: Nov. 27, 2017, 11:10 p.m.
  • Length: 11:01
Show
View Real Time Build Order
Export as new Build Order

SamuraiFunn Protoss - Winner!

Build Orders: Dark Templar Rush 

Get SALT Encoding   

  12  0:01  Probe  
  13  0:13  Probe  
  14  0:19  Pylon  
  14  0:25  Probe  
  15  0:37  Probe  
  16  0:43  Gateway  
  17  0:50  Probe  
  17  0:53  Assimilator  
  17  0:59  Pylon  
  17  1:06  Probe (Chrono Boost)  
  19  1:18  Probe (Chrono Boost), Assimilator  
  19  1:23  Probe  
  20  1:35  Cybernetics Core, Zealot  
  22  1:42  Probe  
  23  1:54  Probe  
  24  2:06  Probe  
  25  2:12  Nexus  
  25  2:21  Twilight Council  
  25  2:23  Probe  
  26  2:35  Probe  
  27  2:46  Gateway  
  27  2:47  Warp Gate (Chrono Boost)  
  27  2:53  Gateway  
  27  3:02  Dark Shrine  
  27  3:04  Probe  
  28  3:20  Gateway  
  28  3:30  Probe, Pylon  
  28  3:32  Probe  
  30  3:46  Probe x2  
  32  3:58  Probe x2  
  32  4:00  Pylon  
  34  4:10  Probe x2  
  36  4:21  Dark Templar x2  
  36  4:22  Dark Templar x2  
  44  4:27  Probe x2  
  46  4:36  Pylon  
  46  4:40  Pylon  
  46  4:47  Pylon  
  46  4:58  Dark Templar  
  46  4:59  Dark Templar  
  48  5:17  Assimilator  
  48  5:23  Assimilator  
  48  5:30  Dark Templar  
  50  5:44  Gateway  
  50  5:46  Gateway  
  50  5:48  Gateway  
  50  5:50  Gateway  
  50  6:02  Dark Templar  
  40  6:32  Zealot x2  
  40  6:33  Zealot  
  44  6:53  Probe x2  
  46  6:56  Pylon  
  46  7:05  Probe x2  
  46  7:06  Zealot x3  
  46  7:07  Zealot x2  
  58  7:10  Zealot x2  
  58  7:12  Zealot  
  58  7:13  Charge (Chrono Boost)  
  64  7:26  Shadow Stride  
  64  7:31  Zealot x3  
  64  7:32  Zealot x5  
  80  8:11  Stalker x4  
  88  8:16  Nexus  
  88  8:19  Assimilator  
  88  8:24  Assimilator  
  88  8:27  Pylon  
  88  8:29  Pylon  
  88  8:30  Dark Templar  
  88  8:31  Dark Templar x2  
  94  8:35  Pylon  
  88  8:58  Stalker x3  
  88  8:59  Stalker  
  84  9:33  Stalker  
  84  9:34  Stalker x4  
  84  9:35  Stalker  
  84  9:36  Stalker x2  
  64  10:40  Stalker x2  
Show
View Real Time Build Order
Export as new Build Order

A.I. 1 (Harder) Protoss 

Build Orders:  

Get SALT Encoding   

  12  0:00  Probe  
  13  0:13  Probe  
  14  0:19  Pylon  
  14  0:25  Probe  
  15  0:37  Probe  
  15  0:39  Gateway  
  16  0:47  Assimilator  
  16  0:49  Probe  
  17  1:01  Probe, Pylon  
  18  1:13  Probe  
  19  1:26  Probe  
  19  1:27  Cybernetics Core, Zealot  
  22  1:42  Gateway  
  22  1:48  Assimilator  
  22  2:04  Stalker  
  22  2:05  Pylon  
  24  2:17  Warp Gate  
  24  2:33  Adept  
  24  2:34  Adept  
  28  2:41  Pylon  
  28  3:00  Adept  
  28  3:01  Zealot  
  32  3:07  Probe  
  33  3:19  Pylon  
  34  3:20  Probe  
  34  3:27  Stalker  
  34  3:28  Adept  
  34  3:32  Probe  
  39  3:42  Forge  
  39  3:44  Probe  
  42  3:55  Adept  
  42  3:56  Probe  
  42  3:58  Adept  
  45  4:08  Probe  
  46  4:36  Sentry  
  46  4:37  Protoss Ground Weapons Level 1  
  48  4:39  Gateway  
  48  4:43  Sentry, Pylon  
  50  4:47  Robotics Facility  
  50  4:56  Photon Cannon  
  50  4:59  Sentry  
  50  5:05  Photon Cannon  
  50  5:06  Stalker  
  38  5:22  Zealot  
  36  5:29  Stalker  
  39  5:35  Observer  
  39  5:36  Adept  
  41  5:43  Stalker  
  43  5:52  Stalker  
  45  5:59  Stalker  
  39  6:06  Sentry  
  41  6:14  Probe  
  41  6:15  Sentry  
  41  6:16  Nexus  
  38  6:26  Probe, Zealot  
  41  6:38  Probe  
  42  6:42  Protoss Ground Armor Level 1  
  42  6:44  Sentry  
  44  6:52  Stalker  
  46  6:59  Stalker  
  48  7:10  Sentry  
  50  7:29  Probe x2, Sentry  
  54  7:35  Assimilator  
  54  7:38  Assimilator  
  54  7:41  Probe  
  54  7:42  Probe  
  56  7:49  Sentry  
  58  7:52  Pylon  
  58  7:53  Probe  
  58  7:54  Probe  
  58  7:57  Adept  
  62  8:01  Pylon  
  62  8:05  Probe  
  63  8:06  Probe, Observer  
  65  8:17  Probe  
  65  8:19  Probe  
  67  8:23  Photon Cannon  
  67  8:29  Probe  
  67  8:32  Photon Cannon  
  68  8:36  Stalker x2  
  68  8:40  Gateway  
  63  8:58  Nexus  
  63  9:01  Probe  
  44  9:34  Probe  
  34  9:46  Probe  
  33  10:11  Probe  
  33  10:13  Pylon  
Tags
 
Add a new tag
Caveats
  • Supply blocks, unpowered buildings, or Contaminate may cause inaccurate times.
  • Supply counts are checked every 10 seconds.